 Dungeon Crawl Stone Soup version 0.28-a0-589-g333b8329f1 (webtiles) character file.

Game seed: 4917415756726373791

117 jasper the Skirmisher (level 4, -6/33 (36) HPs)
             Began as a Demonspawn Cinder Acolyte on Oct 3, 2021.
             Was a High Priest of Ignis.
             Killed by divine providence
             ... invoked by an orc priest
              (15 damage)
             ... on level 3 of the Dungeon.
             The game lasted 00:03:26 (2964 turns).

jasper the Skirmisher (Demonspawn Cinder Acolyte)   Turns: 2964, Time: 00:03:27

HP:   -6/33 (36)    AC:  6    Str: 14    XL:     4   Next: 71%
MP:   5/5           EV:  9    Int: 17    God:    Ignis [*****.]
Gold: 194           SH:  3    Dex:  8    Spells: 5/5 levels left

rFire   + . .      SeeInvis .   f - +1 dagger (venom)
rCold   . . .      Faith    .   j - +0 buckler
rNeg    . . .      Spirit   .   g - +0 ring mail
rPois   .          Reflect  .   (no helmet)
rElec   .          Harm     .   r - +0 cloak
rCorr   .          Rampage  .   (no gloves)
Will    .....                   (no boots)
Stlth   ..........              (no amulet)
HPRegen 0.11/turn               (no ring)
MPRegen 0.09/turn               (no ring)

@: drained
A: powered by death 2
a: Renounce Religion, Sea of Fire, Foxfire Swarm, Rising Flame


You were on level 3 of the Dungeon.
You worshipped Ignis.
Ignis was extremely pleased with you.
You visited 1 branch of the dungeon, and saw 3 of its levels.

You collected 194 gold pieces.

Inventory:

Hand Weapons
 a - a -1 falchion of flaming
 f - a +1 dagger of venom (weapon)
 l - a +0 scimitar
Missiles
 p - a throwing net (quivered)
Armour
 b - a +0 robe
 g - a +0 ring mail (worn)
 j - a +0 buckler (worn)
 r - a +0 cloak (worn)
Scrolls
 e - a scroll of silence {unknown}
 i - 3 scrolls of identify {unknown}
 s - a scroll of teleportation {unknown}
 u - a scroll of blinking {unknown}
Potions
 c - a potion of degeneration {unknown}
 d - 2 potions of resistance {unknown}
 h - a potion of curing {unknown}
 k - a potion of attraction {unknown}
 m - a potion of magic {unknown}
 n - a potion of cancellation {unknown}
 o - 2 potions of haste {unknown}
 q - a potion of heal wounds {unknown}
 t - a potion of mutation {unknown}


   Skills:
 + Level 3.6 Fighting
 - Level 3.3 Long Blades
 + Level 1.5 Armour
 * Level 2.2 Shields
 - Level 1.0 Spellcasting
 - Level 2.6 Fire Magic


You had 5 spell levels left.
You didn't know any spells.
Your spell library contained the following spells:

 Spells                   Type           Power      Damage    Failure   Level
 Scorch                   Fire           18%        2d5       26%         2


Dungeon Overview and Level Annotations

Branches:
Dungeon (3/15)

Altars:


Innate Abilities, Weirdness & Mutations

You regenerate health from kills.


Message History

You kill the rat!
u - a scroll labelled EMAOME OGYFE You now have 194 gold pieces (gained 7).
A frilled lizard comes into view.
The frilled lizard hisses angrily.
A frilled lizard is nearby!
A frilled lizard is nearby!
You hit the frilled lizard.
You kill the frilled lizard!
You open the door.
There is an open door here.
An orc priest comes into view.
It is wielding a +0 short sword of draining.
Found a robe.
The orc priest shouts!
An orc priest is nearby!
You start waiting.
An orc priest is nearby! 2 orcs come into view.
The orc shouts!
You hear a shout!
The orc priest hits you with a +0 short sword of draining.
You feel drained.
You take 9 damage, and have 27/34 hp.
MASSIVE DAMAGE!!
You hit the orc priest but do no damage.
The orc priest is poisoned.
The orc priest hits you but does no damage.
You feel drained.
An orc comes into view. It is wielding a +0 trident.
You closely miss the orc priest.
The orc priest is moderately wounded.
The orc priest invokes the aid of Beogh against you.
Beogh smites you!
You take 14 damage, and have 13/33 hp.
MASSIVE DAMAGE!!
The orc priest invokes the aid of Beogh against you.
Pain shoots through your body!
* * * LOW HITPOINT WARNING * * *
You take 4 damage, and have 9/33 hp.
Flames leap up around you!
The orc priest mumbles some strange prayers to Beogh against you.
Beogh smites you!
You die...

.................................
#...##...#..................####.
#...##.#.##....<............# #.
..................######....####.
#..................... .....+....
#...##.#.##.#.....#.## #.. #....
#...##........vvvvv.## #.##.
#...####.##...vvvvv..# #. #.
#...####.##...vv@vv.####. # #.
#...#.......#.vvvvo...... #.
#...#.##.##.#.vv#v#.##### #.
#........##.#...#.# # ##
................#o#
#.###.#####.##..#o#
#...............#.#
#..................
#.................[


You could see an orc priest (very poisoned, ally target) and 2 orcs.

Vanquished Creatures
  4 gnolls (D:2)
  3 adders (D:3)
  A worm (D:2)
  2 dart slugs
  2 ball pythons (D:3)
  4 endoplasms
  7 giant cockroaches
  2 hobgoblins
  3 quokkas
  5 bats
  3 frilled lizards
  3 goblins (D:2)
  3 kobolds
  4 rats
46 creatures vanquished.

Vanquished Creatures (others)
  A fungus (D:1)
1 creature vanquished.

Grand Total: 47 creatures vanquished

Notes
Turn   | Place    | Note
-------+----------+-------------------------------------------
     0 | D:1      | jasper the Demonspawn Cinder Acolyte began the quest for
                  | the Orb.
     0 | D:1      | Reached XP level 1. HP: 18/18 MP: 2/2
   109 | D:1      | Found a faded altar of an unknown god.
   478 | D:1      | Gained mutation: You regenerate a little health from kills.
                  | [demonic ancestry]
   478 | D:1      | Reached XP level 2. HP: 14/24 MP: 3/3
  1546 | D:2      | Gained mutation: You regenerate health from kills. [demonic
                  | ancestry]
  1546 | D:2      | Reached XP level 3. HP: 29/29 MP: 4/4
  1771 | D:2      | Reached skill level 1 in Shields
  1888 | D:2      | Reached skill level 1 in Armour
  2118 | D:2      | Reached XP level 4. HP: 18/35 MP: 5/5
  2964 | D:3      | Killed from afar by an orc priest

Illustrated notes

Levels and vault maps discovered:
D:1:      lightli_arrival_quake, layout_basic, shapermc_ecumenical_altar_gd,
          grunt_decor_cap, hangedman_decor_growths
D:2:      layout_loops_ring
D:3:      layout_basic

Skill      XL: |  1  2  3  4 |
---------------+-------------+-----
Long Blades    | 3 |  3.3
Shields        | 1 2 |  2.2
Armour         | 1 |  1.5
Fighting       | |  3.6
Spellcasting   | |  1.0
Fire Magic     | |  2.6

Action                   |  1- 3 |  4- 6 || total
-------------------------+-------+-------++-------
Melee: Falchion          |    27 |       ||    27
       Dagger            |    91 |    44 ||   135
Invok: Foxfire Swarm     |       |     1 ||     1
Armor: Robe              |     2 |       ||     2
       Ring mail         |    24 |    12 ||    36
Dodge: Dodged            |    67 |    19 ||    86
Block: Buckler           |       |     4 ||     4

Table legend: (Time is in decaauts)
 A = Elapsed time spent in this place.
 B = Non-inter-level travel time spent in this place.
 C = Inter-level travel time spent in this place.
 D = Time resting spent in this place.
 E = Time spent auto-exploring this place.
 F = Levels seen in this place.
 G = Mean time per level.
                   A        B        C        D        E       F      G
               +--------+--------+--------+--------+--------+-----+--------+
         Total |   2957 |   2872 |     85 |    271 |   2100 |   3 |  985.7 |
       Dungeon |   2957 |   2872 |     85 |    271 |   2100 |   3 |  985.7 |
               +--------+--------+--------+--------+--------+-----+--------+

Top non-repeatable levels by time:
     D:2: 1310 daAuts
     D:1: 1033 daAuts
     D:3: 614 daAuts
